 Dungeon Crawl Stone Soup version 0.29.1-1-gd02db6906a (webtiles) character file.

Game seed: 3597097511880371461

368 Icepheonix32 the Trooper (level 6, -1/56 HPs)
             Began as a Minotaur Fighter on Oct 5, 2022.
             Slain by a black bear (2 damage)
             ... on level 5 of the Dungeon.
             The game lasted 00:04:41 (4291 turns).

Icepheonix32 the Trooper (Minotaur Fighter)         Turns: 4291, Time: 00:04:41

Health: -1/56      AC:  8    Str: 20    XL:     6   Next: 41%
Magic:  5/5        EV: 10    Int:  5    God:
Gold:   69         SH:  5    Dex: 12    Spells: 5/5 levels left

rFire   . . .      SeeInvis .   i - staff of air
rCold   . . .      Faith    .   c - +0 buckler
rNeg    . . .      Spirit   .   b - +1 scale mail
rPois   .          Reflect  .   (helmet restricted)
rElec   +          Harm     .   (no cloak)
rCorr   .          Rampage  .   (no gloves)
Will    .....                   (no boots)
Stlth   ..........              (no amulet)
HPRegen 0.18/turn               (no ring)
MPRegen 0.09/turn               (no ring)

@: mighty
A: horns 2, retaliatory headbutt, devolution 1
a: no special abilities


You were on level 5 of the Dungeon.
You visited 1 branch of the dungeon, and saw 5 of its levels.

You collected 173 gold pieces.
You spent 104 gold pieces at shops.

Inventory:

Hand Weapons
 a - a +0 war axe
Missiles
 s - a throwing net (quivered)
Armour
 b - a +1 scale mail (worn)
 c - a +0 buckler (worn)
 r - a scarf of shadows
Magical Staves
 i - a staff of air (weapon)
Jewellery
 g - a ring of magical power
 k - a ring of fire
 n - an amulet of magic regeneration
Scrolls
 j - a scroll of blinking
 l - a scroll of enchant armour
Potions
 d - a potion of might
 e - a potion of attraction
 m - a potion of brilliance
 o - a potion of magic
 p - a potion of haste


   Skills:
 * Level 5.1 Fighting
 - Level 3.3 Axes
 + Level 3.6 Staves
 + Level 4.6 Armour
 + Level 1.7 Dodging
 + Level 0.1 Stealth
 + Level 4.5 Shields
 * Level 0.1 Air Magic
 * Level 1.4 Evocations


You had 5 spell levels left.
You didn't know any spells.
Your spell library contained the following spells:

 Spells                   Type           Power      Damage    Failure   Level
 Foxfire                  Conj/Fire      0%         2x1d4     88%         1
 Conjure Flame            Conj/Fire      0%         6-21      99%         3
 Ignite Poison            Fire/Tmut/Pois 0%         N/A       99%         3
 Inner Flame              Hex/Fire       0%         N/A       99%         3
 Mephitic Cloud           Conj/Pois/Air  0%         N/A       99%         3
 Flame Wave               Conj/Fire      0%         2d4       100%        4
 Freezing Cloud           Conj/Ice/Air   0%         6-21      100%        5


Dungeon Overview and Level Annotations

Branches:
Dungeon (5/15)
 Temple: D:4-7

Altars:
Ashenzari
Cheibriados
Dithmenos
Nemelex Xobeh
Xom
Yredelemnul

Shops:
D:4 *


Innate Abilities, Weirdness & Mutations

You have a pair of horns on your head.
You reflexively headbutt those who attack you in melee.
You have hidden genetic defects.


Message History

You barely miss the black bear.
The black bear is severely wounded.
The black bear closely misses you. x2; The black bear claws you.
The phantom hits you but does no damage.
You feel less attractive to monsters.
Unknown command.
You hit the black bear.
The black bear is severely wounded.
The phantom closely misses you.
The black bear goes berserk!
You hit the black bear. Your headbutt misses the black bear.
The black bear is almost dead.
The black bear barely misses you. x2; The black bear claws you.
You block the phantom's attack. The black bear bites you!
The black bear claws you but does no damage.
The black bear claws you.
Unknown command.
You hit the black bear.
The black bear is almost dead.
The black bear bites you!
* * * LOW HITPOINT WARNING * * *
The black bear claws you but does no damage.
The black bear barely misses you. You block the phantom's attack.
The black bear bites you.
* * * LOW HITPOINT WARNING * * *
The black bear claws you but does no damage.
The black bear claws you.
* * * LOW HITPOINT WARNING * * *
The phantom barely misses you.
You feel better. The black bear closely misses you.
The black bear claws you but does no damage.
The black bear claws you.
* * * LOW HITPOINT WARNING * * *
The phantom hits you.
* * * LOW HITPOINT WARNING * * *
The phantom blinks!
You blink.
Found an escape hatch in the floor.
You feel very mighty all of a sudden. The black bear bites you.
* * * LOW HITPOINT WARNING * * *
The black bear claws you.
You die...

.... ......#
...## ......# #
............
.##.#...#....>..
...#...#.......
..........#..#
#....W...#
.#.#....@..#
.......h...#
...###<..## .
###.# ..# #...
###. .


You could see a black bear (berserk) and a phantom.

Vanquished Creatures
  A vampire bat (D:3)
  A hound (D:5)
  An iguana (D:4)
  A scorpion zombie (D:3)
  4 gnolls (D:4)
  3 adders
  An ufetubus (D:4)
  2 adder zombies (D:3)
  2 worms (D:3)
  A dart slug (D:2)
  3 fire bats (D:3)
  2 orcs
  2 spectral bats (D:3)
  3 bat skeletons (D:3)
  A bat zombie (D:3)
  8 endoplasms
  3 giant cockroaches
  10 goblins
  4 hobgoblins
  2 jackals (D:1)
  A quokka (D:2)
  6 ball pythons
  15 bats
  A bat simulacrum (D:3)
  A frilled lizard (D:3)
  10 kobolds
  A quokka zombie (D:3)
  7 rats
97 creatures vanquished.

Notes
Turn   | Place    | Note
-------+----------+-------------------------------------------
     0 | D:1      | Icepheonix32 the Minotaur Fighter began the quest for the
                  | Orb.
     0 | D:1      | Reached XP level 1. HP: 19/19 MP: 0/0
   148 | D:1      | Reached skill level 4 in Fighting
   270 | D:1      | HP: 1/20 [poisoned by a goblin]
   686 | D:1      | Reached XP level 2. HP: 27/27 MP: 1/1
  1587 | D:2      | Reached XP level 3. HP: 25/33 MP: 2/2
  1590 | D:2      | Reached skill level 1 in Dodging
  1759 | D:2      | Found a faded altar of an unknown god.
  2482 | D:3      | Reached XP level 4. HP: 41/41 MP: 3/3
  3008 | D:3      | Found a basalt altar of Yredelemnul.
  3024 | D:3      | Reached skill level 1 in Staves
  3194 | D:3      | Reached XP level 5. HP: 46/47 MP: 4/4
  3197 | D:3      | Reached skill level 1 in Evocations
  3432 | D:4      | Found a sparkling altar of Nemelex Xobeh.
  3471 | D:4      | Found Odilaic's CLEARANCE SALE!.
  3483 | D:4      | Bought a potion of mutation for 32 gold pieces
  3483 | D:4      | Bought a potion of magic for 32 gold pieces
  3483 | D:4      | Bought a potion of haste for 40 gold pieces
  3589 | D:4      | Reached skill level 5 in Fighting
  3589 | D:4      | Gained mutation: You are clumsy. (Dex -2) [potion of
                  | mutation]
  3636 | D:4      | Reached XP level 6. HP: 56/56 MP: 5/5
  3669 | D:4      | Lost mutation: You are clumsy. (Dex -2) [potion of
                  | mutation]
  3669 | D:4      | Gained mutation: You have hidden genetic defects. [potion
                  | of mutation]
  3938 | D:4      | Found a snail-covered altar of Cheibriados.
  3946 | D:4      | Found a broken altar of Ashenzari.
  3946 | D:4      | Found a shadowy altar of Dithmenos.
  4187 | D:4      | Found a shimmering altar of Xom.
  4274 | D:5      | Entered Level 5 of the Dungeon
  4290 | D:5      | HP: 1/56 [phantom (4)]
  4291 | D:5      | Slain by a black bear

Illustrated notes

Levels and vault maps discovered:
D:1:      dpeg_arrival_subterranean_lakeside_camping, layout_loops_corners
D:2:      layout_loops_cross, ebering_ecumenical_altar_hall, serial_forest,
          infiniplex_forest_lined_3_way, infiniplex_forest_clump_double,
          infiniplex_forest_diagonal, infiniplex_forest_clump_curved,
          infiniplex_forest_clump_double, infiniplex_forest_lined_2,
          infiniplex_forest_lined_2, infiniplex_forest_lined_room_,
          infiniplex_forest_lined_3_way
D:3:      layout_rooms, nicolae_yredelemnul_corpse_copse,
          serial_co_window_serial, co_window_paths_b, co_window_paths_b,
          co_window_of_opportunity_a, co_window_of_opportunity_a,
          co_window_paths_a, co_window_corner_b, co_window_cross_4,
          co_window_unsneaky_path_e, co_window_2corner, co_window_corner_cb,
          glass_columns_a, glass_columns_b, glass_columns_b, goddamned_bats
D:4:      dreamdust_elfheim, layout_cave_pools, mainiacjoe_overflow_catwalk,
          nicolae_overflow_quartered_altars, nicolae_shop_clearance
D:5:      layout_cave_pools, minmay_temple_entry_tees,
          chequers_serial_rivers_small_b

Skill      XL: |  1  2  3  4  5 |
---------------+----------------+-----
Fighting       | 4 5 |  5.1
Axes           | 3 |  3.3
Dodging        | 1 |  1.7
Armour         | 4 |  4.6
Staves         | 2 3 |  3.6
Shields        | 4 |  4.5
Evocations     | 1 |  1.4
Stealth        | |  0.1
Air Magic      | |  0.1

Action                   |  1- 3 |  4- 6 || total
-------------------------+-------+-------++-------
Melee: War axe           |    59 |       ||    59
       Headbutt          |    17 |    22 ||    39
       Staff             |    75 |   135 ||   210
  Use: Scroll            |     5 |     5 ||    10
       Potion            |       |     6 ||     6
Armor: Scale mail        |    75 |   106 ||   181
Dodge: Dodged            |    70 |    99 ||   169
Block: Buckler           |    35 |    52 ||    87
